[Event "Titled Tuesday Blitz July 25 Late 2023"]
[White "disciplinedbrat"]
[Black "Pinheiro, Iung Alicio de O."]
[BlackFideId "2104350"]
[WhiteElo "2271"]
[BlackElo "2594"]
[Result "0-1"]
[Round "4"]
[TimeControl "180+2"]
[Date "2023.07.25"]
[WhiteClock "0:00:03"]
[BlackClock "0:00:19"]
[Board "178"]

1. c3 d5 2. g3 h5 3. h4 c6 4. Bg2 Nf6 5. d3 a5 6. Nd2 a4 7. e4 e5 8. Ngf3 Bd6 9. O-O Bg4 10. Qe1 O-O 11. exd5 cxd5 12. Nxe5 Re8 13. d4 Nc6 14. f4 Qb6 15. Qf2 a3 16. bxa3 Qa5 17. Bb2 Qa4 18. Nb3 Ne7 19. Rae1 Nf5 20. Bf3 Bxf3 21. Qxf3 g6 22. Re2 Kg7 23. Rfe1 Ne4 24. c4 Bxe5 25. dxe5 Qxc4 26. e6+ f6 27. Rc1 Qb5 28. Rc7+ Kh6 29. Rxe4 dxe4 30. Qxe4 Qb6+ 31. Rc5 Rac8 32. Qb4 Qxe6 33. Rxc8 Rxc8 34. Nd4 Qe3+ 35. Kh2 Qf2+ 36. Kh1 Nxg3# 0-1


[Site "https://www.chess.com"]

[Event "Titled Tuesday Blitz July 25 Late 2023"]
[White "Rottenwohrer Suarez, Juan"]
[Black "Vafin, Ayrat"]
[WhiteFideId "32068182"]
[BlackFideId "4146530"]
[WhiteElo "2510"]
[BlackElo "2259"]
[Result "1-0"]
[Round "4"]
[TimeControl "180+2"]
[Date "2023.07.25"]
[WhiteClock "0:00:42"]
[BlackClock "0:02:28"]
[Board "180"]

1. e4 c6 2. d4 d5 3. Nc3 dxe4 4. Nxe4 Bf5 5. Ng3 Bg6 6. Nf3 Nd7 7. h4 h6 8. h5 Bh7 9. Bd3 Bxd3 10. Qxd3 e6 11. Bd2 Ngf6 12. O-O-O Be7 13. Ne4 Nxe4 14. Qxe4 Nf6 15. Qe2 O-O 16. g4 Nxg4 17. Rdg1 Nf6 18. Bxh6 Kh8 19. Bxg7+ Kh7 20. Qd3+ Kg8 21. Bxf6# 1-0


[Site "https://www.chess.com"]

[Event "Titled Tuesday Blitz July 25 Late 2023"]
[White "Bazzano, Sebastian"]
[Black "Estrada Nieto, Julian"]
[WhiteFideId "104566"]
[BlackFideId "5101018"]
[WhiteElo "2202"]
[BlackElo "2478"]
[Result "1-0"]
[Round "4"]
[TimeControl "180+2"]
[Date "2023.07.25"]
[WhiteClock "0:00:14"]
[BlackClock "0:00:49"]
[Board "181"]

1. d4 Nf6 2. Bf4 d5 3. e3 c5 4. c3 Nc6 5. Nd2 cxd4 6. exd4 Qb6 7. Qb3 Qxb3 8. axb3 Bf5 9. Ngf3 a6 10. b4 Rc8 11. Nb3 e6 12. Nc5 Bxc5 13. bxc5 h6 14. Ne5 Ne4 15. f3 Nf6 16. Kd2 Nd7 17. Nxc6 Rxc6 18. b4 Rc8 19. b5 axb5 20. Bxb5 f6 21. Ra7 e5 22. dxe5 fxe5 23. Bxe5 O-O 24. Bxd7 Bxd7 25. Rxb7 Rf7 26. Bd4 Ra8 27. Rhb1 Ra2+ 28. R1b2 Ra1 29. Rc7 Ba4 30. Rxf7 Kxf7 31. Rb7+ Ke6 32. Rxg7 Ra2+ 33. Ke3 Bb5 34. h4 Kf5 35. g4+ Ke6 36. Rg6+ Kf7 37. Rxh6 Re2+ 38. Kf4 Bd3 39. Rd6 Ke7 40. Rxd5 Bc4 41. Re5+ Kf7 42. Rxe2 Bxe2 43. h5 Ba6 44. g5 Kg8 45. Ke5 Bc8 46. f4 Kh7 47. f5 Bd7 48. Kd6 Bxf5 49. c6 Bg4 50. h6 Kg6 51. Be3 Bc8 52. Kc7 Bf5 53. Kd8 Kh7 54. c7 Kg6 55. c8=Q Bxc8 56. Kxc8 Kh7 57. Kd7 Kg6 58. c4 Kh7 59. c5 Kg6 60. c6 Kh7 61. c7 Kg6 62. c8=Q Kh5 63. Qe8+ Kg4 64. g6 Kf3 65. Bc1 Kg2 66. Qe3 Kh1 67. g7 Kh2 68. h7 Kg2 69. g8=Q+ Kf1 70. Qgg1# 1-0


[Site "https://www.chess.com"]

[Event "Titled Tuesday Blitz July 25 Late 2023"]
[White "ZugZwang1201"]
[Black "Quirke, Jeffrey"]
[BlackFideId "2013029"]
[WhiteElo "2471"]
[BlackElo "2189"]
[Result "1-0"]
[Round "4"]
[TimeControl "180+2"]
[Date "2023.07.25"]
[WhiteClock "0:00:18"]
[BlackClock "0:00:00"]
[Board "182"]

1. e4 e6 2. d3 d5 3. Qe2 Be7 4. f4 Nf6 5. e5 Nfd7 6. Nf3 c5 7. c4 Nc6 8. Nc3 Nb6 9. b3 O-O 10. Bb2 f6 11. g3 fxe5 12. Nxe5 Nxe5 13. Qxe5 Bf6 14. Qe2 Bd7 15. Bg2 Re8 16. O-O Bc6 17. Rae1 Qd7 18. Bh3 dxc4 19. dxc4 Qd4+ 20. Rf2 e5 21. Nd1 exf4 22. Bxd4 Rxe2 23. Rfxe2 Bxd4+ 24. Kf1 f3 25. Re7 a5 26. a4 Rd8 27. Nf2 h6 28. Be6+ Kh8 29. Bf5 Nc8 30. Rc7 Nd6 31. Bg6 Rf8 32. Re6 Nf5 33. Ng4 h5 34. Bxh5 f2 35. Rf7 Rxf7 36. Bxf7 Bf3 37. Bg6 1-0


[Site "https://www.chess.com"]

[Event "Titled Tuesday Blitz July 25 Late 2023"]
[White "ExchangeAB"]
[Black "Winslow, Elliott"]
[BlackFideId "2002523"]
[WhiteElo "2440"]
[BlackElo "2168"]
[Result "1-0"]
[Round "4"]
[TimeControl "180+2"]
[Date "2023.07.25"]
[WhiteClock "0:00:27"]
[BlackClock "0:00:05"]
[Board "183"]

1. d4 Nf6 2. Nc3 g6 3. e4 d6 4. Be2 Bg7 5. h4 h5 6. Nf3 c6 7. Bg5 Qb6 8. Rb1 Bg4 9. Qd2 Nbd7 10. Qe3 e5 11. dxe5 dxe5 12. Qxb6 axb6 13. Nd2 b5 14. Bxg4 hxg4 15. a3 Nh5 16. g3 Bh6 17. Bxh6 Rxh6 18. Nf1 f5 19. Ne3 Ng7 20. Ke2 Ke7 21. Rhd1 Nf6 22. Rd2 Rhh8 23. Rbd1 f4 24. Nf1 Rhd8 25. Rxd8 Rxd8 26. Rxd8 Kxd8 27. f3 Ne6 28. fxg4 Nxg4 29. Kf3 Nf6 30. gxf4 Nxf4 31. Ng3 Ke7 32. Nd1 N4h5 33. Nxh5 gxh5 34. Ne3 Ke6 35. Nf5 c5 36. b3 c4 37. Ng3 Kd6 38. Ke3 Kc5 39. b4+ Kd6 40. Kd2 Ke6 41. Kc3 Kd6 42. a4 bxa4 43. Kxc4 b5+ 44. Kc3 Ke6 45. Kb2 Ng4 46. Nxh5 Ne3 47. Ng3 Nc4+ 48. Ka2 Ne3 49. c3 Ng2 50. h5 Nf4 51. Ka3 Kf6 52. c4 bxc4 53. Kxa4 Kg5 54. b5 Ne6 55. Kb4 Nd4 56. Kxc4 1-0


[Site "https://www.chess.com"]

[Event "Titled Tuesday Blitz July 25 Late 2023"]
[White "szachmistrz2500"]
[Black "Oliveira, Tiago Batista"]
[BlackFideId "2108291"]
[WhiteElo "2438"]
[BlackElo "2152"]
[Result "1-0"]
[Round "4"]
[TimeControl "180+2"]
[Date "2023.07.25"]
[WhiteClock "0:02:06"]
[BlackClock "0:00:32"]
[Board "184"]

1. Nf3 Nf6 2. g3 g6 3. Bg2 Bg7 4. O-O O-O 5. d3 d5 6. Nbd2 c5 7. e4 Nc6 8. c3 e5 9. exd5 Nxd5 10. Re1 Bg4 11. h3 Bxf3 12. Qxf3 Nf6 13. Nc4 Qc7 14. Bg5 Nd7 15. a4 h6 16. Be3 Rae8 17. h4 f5 18. Bxc5 Nxc5 19. Qd5+ Ne6 20. a5 Kh7 21. a6 Ned8 22. axb7 Rf7 23. Nd6 Rd7 24. Nxe8 1-0


[Site "https://www.chess.com"]

[Event "Titled Tuesday Blitz July 25 Late 2023"]
[White "BeautiFullMindChess"]
[Black "The_Straightforward_Rook"]
[WhiteElo "2124"]
[BlackElo "2408"]
[Result "1-0"]
[Round "4"]
[TimeControl "180+2"]
[Date "2023.07.25"]
[WhiteClock "0:00:09"]
[BlackClock "0:01:32"]
[Board "185"]

1. e4 e5 2. f4 exf4 3. Nf3 Nf6 4. e5 Nh5 5. d4 d5 6. Nc3 g5 7. Qe2 Nc6 8. Bd2 g4 9. O-O-O gxf3 10. Qxf3 Qh4 11. Nxd5 Bg4 12. Qb3 O-O-O 13. Ba6 bxa6 14. Qc4 Bxd1 15. Qxc6 Rxd5 16. Qa8+ Kd7 17. Qxd5+ Ke8 18. Qc6+ Kd8 19. Qa8+ Ke7 20. Bb4+ Ke6 21. Qc8+ Kd5 22. Qd7+ Ke4 23. Qc6+ Ke3 24. Bd2+ Kf2 25. Be1+ Ke3 26. Bxh4 Be2 27. Re1 f3 28. Qxf3+ Kxd4 29. Rxe2 Bh6+ 30. Kb1 Nf4 31. Re4+ Kc5 32. Rxf4 Bxf4 33. Qxf4 Rg8 34. Bf2+ Kd5 35. Qf3+ 1-0


[Site "https://www.chess.com"]

[Event "Titled Tuesday Blitz July 25 Late 2023"]
[White "Silvestre, Christian"]
[Black "Der_Balak_3Halak"]
[WhiteFideId "30956269"]
[WhiteElo "2112"]
[BlackElo "2395"]
[Result "0-1"]
[Round "4"]
[TimeControl "180+2"]
[Date "2023.07.25"]
[WhiteClock "0:00:42"]
[BlackClock "0:00:17"]
[Board "187"]

1. e3 b6 2. c4 Bb7 3. b3 g6 4. Bb2 Nf6 5. f4 Bg7 6. Nf3 O-O 7. Be2 e6 8. O-O d5 9. d3 c5 10. Qc1 Nbd7 11. h3 Nh5 12. Bxg7 Kxg7 13. Kh2 Qe7 14. Qc3+ Kg8 15. g4 Ng7 16. Nbd2 Rad8 17. a3 h5 18. b4 Qd6 19. Kg1 hxg4 20. hxg4 d4 21. exd4 Qxf4 22. Rf2 Qxg4+ 23. Rg2 Qf4 24. dxc5 bxc5 25. Rf1 Nf5 26. Rff2 Ne3 27. Rh2 e5 28. Ne4 Bxe4 29. dxe4 Ng4 30. Nxe5 Qxe5 31. Qh3 Nxh2 32. Rxh2 Qa1+ 33. Kg2 Qg7 0-1


[Site "https://www.chess.com"]

[Event "Titled Tuesday Blitz July 25 Late 2023"]
[White "Hartikainen, Jarmo"]
[Black "Bazilius, Augustinas"]
[WhiteFideId "503134"]
[BlackFideId "12832251"]
[WhiteElo "2073"]
[BlackElo "2388"]
[Result "1/2-1/2"]
[Round "4"]
[TimeControl "180+2"]
[Date "2023.07.25"]
[WhiteClock "0:00:06"]
[BlackClock "0:00:05"]
[Board "188"]

1. e4 d6 2. d4 Nf6 3. Nc3 g6 4. Be2 Bg7 5. Be3 O-O 6. g4 a6 7. h4 b5 8. a3 Bb7 9. Bf3 Nfd7 10. h5 c5 11. Qd2 cxd4 12. Bxd4 Ne5 13. O-O-O Nbc6 14. Bxe5 Nxe5 15. Be2 Qb6 16. f4 Nc4 17. Bxc4 bxc4 18. Nge2 Bxe4 19. Rh3 Rab8 20. b4 Bc6 21. hxg6 hxg6 22. Nd5 Bxd5 23. Qxd5 a5 24. c3 axb4 25. cxb4 Qf2 26. Qf3 Qxf3 27. Rxf3 Rfc8 28. Nc3 Ra8 29. Nd5 e5 30. Ne7+ Kf8 31. Nxc8 Rxc8 32. fxe5 Bxe5 33. Kc2 c3 34. Rd5 Ra8 35. Kb3 Rc8 36. Rf2 Ke7 37. Rc2 Ke6 38. Rd3 f5 39. gxf5+ gxf5 40. a4 f4 41. b5 Kf5 42. a5 Ke4 43. Rd1 f3 44. b6 Ke3 45. a6 Rc6 46. a7 Rxb6+ 47. Kc4 Ra6 48. Kd5 Rxa7 49. Re1+ Kf4 50. Rf1 Ra5+ 51. Kc4 Ra6 52. Rcf2 Rc6+ 53. Kd3 c2 54. Rxf3+ Kg5 55. Rc1 Bf4 56. Rxc2 Rxc2 57. Kxc2 Kg4 58. Rd3 Kf5 59. Rxd6 Be5 60. Rd5 Ke4 61. Rxe5+ Kxe5 1/2-1/2


[Site "https://www.chess.com"]

[Event "Titled Tuesday Blitz July 25 Late 2023"]
[White "Bongo Akanga Ndjila, Barthelemy"]
[Black "Bueno, Alfeu Junior Varela"]
[WhiteFideId "10609431"]
[BlackFideId "2108879"]
[WhiteElo "2053"]
[BlackElo "2384"]
[Result "0-1"]
[Round "4"]
[TimeControl "180+2"]
[Date "2023.07.25"]
[WhiteClock "0:00:29"]
[BlackClock "0:00:15"]
[Board "189"]

1. d4 e6 2. c4 f5 3. Nc3 b6 4. g3 Bb7 5. Nf3 Bb4 6. Bg2 Bxc3+ 7. bxc3 Nf6 8. d5 O-O 9. Nd4 Na6 10. O-O Qc8 11. Ba3 Nc5 12. Bc1 Nfe4 13. Qc2 Nd6 14. Bf4 Nxc4 15. dxe6 Bxg2 16. exd7 Qb7 17. f3 Bxf1 18. Rxf1 Rad8 19. Nxf5 Rxd7 20. e4 Qc6 21. Qg2 g6 22. Nh6+ Kg7 23. Ng4 Kg8 24. Nh6+ Kh8 25. Ng4 Qe6 26. Qh3 h5 27. Re1 Kg8 28. Nh6+ Kh7 29. g4 Rxf4 30. Nf5 gxf5 31. Qxh5+ Qh6 32. Qe8 fxg4 33. e5 gxf3 34. e6 Qg5+ 35. Kf1 Qg2# 0-1


[Site "https://www.chess.com"]

[Event "Titled Tuesday Blitz July 25 Late 2023"]
[White "Blackwhite017"]
[Black "Villarreal, Agustin"]
[BlackFideId "125687"]
[WhiteElo "2030"]
[BlackElo "2369"]
[Result "0-1"]
[Round "4"]
[TimeControl "180+2"]
[Date "2023.07.25"]
[WhiteClock "0:00:00"]
[BlackClock "0:00:04"]
[Board "190"]

1. e4 e5 2. Nf3 Nc6 3. Bb5 a6 4. Ba4 Nf6 5. O-O Be7 6. Re1 b5 7. Bb3 O-O 8. c3 d5 9. exd5 Nxd5 10. Nxe5 Nxe5 11. Rxe5 c6 12. d4 Bd6 13. Re1 Qh4 14. g3 Qh3 15. Be3 Ra7 16. Qf3 Bg4 17. Qg2 Qh5 18. Nd2 Re7 19. Bxd5 cxd5 20. a4 Rfe8 21. axb5 axb5 22. Ra6 Bb8 23. Rea1 Qf5 24. Rb6 Bh3 25. Qf3 Qd7 26. Ra5 Bg4 27. Qg2 Bc7 28. Ra7 Qf5 29. Rxb5 Qd3 30. Qf1 Qc2 31. Qb1 Bf5 32. Qxc2 Bxc2 33. Rxd5 Bd3 0-1


[Site "https://www.chess.com"]

[Event "Titled Tuesday Blitz July 25 Late 2023"]
[White "Campos, Maria Jose"]
[Black "dorpato"]
[WhiteFideId "146803"]
[WhiteElo "2355"]
[BlackElo "2029"]
[Result "1-0"]
[Round "4"]
[TimeControl "180+2"]
[Date "2023.07.25"]
[WhiteClock "0:01:12"]
[BlackClock "0:00:01"]
[Board "191"]

1. c4 e5 2. g3 Nc6 3. Bg2 d6 4. Nc3 g6 5. e4 Bg7 6. Nge2 Be6 7. d3 Qd7 8. h3 Nge7 9. Rb1 O-O 10. b4 f5 11. exf5 Nxf5 12. O-O Nfd4 13. Kh2 Nf3+ 14. Bxf3 Rxf3 15. Ng1 Rff8 16. Be3 Ne7 17. Ne4 Nf5 18. Qe2 Rf7 19. Ng5 Rff8 20. b5 Rf6 21. a4 Raf8 22. Nxe6 Qxe6 23. a5 Nxe3 24. fxe3 Bh6 25. e4 Be3 26. Rxf6 Bxg1+ 27. Kxg1 Rxf6 28. Kg2 Qf7 29. Rb2 h5 30. Qe3 b6 31. axb6 axb6 32. h4 Kg7 33. Ra2 Rf1 34. Ra7 Rb1 35. Qe2 Rb3 36. Ra8 Qd7 37. Ra7 Rb1 38. Qf2 Rb3 39. Qe2 Qe7 40. Ra8 Qf6 41. Rc8 Qf7 42. Qc2 Ra3 43. Qb2 Ra7 44. Qd2 Ra3 45. Rb8 Ra1 46. Qe2 Ra5 47. Rd8 Ra3 48. Rc8 Qd7 49. Rb8 Rb3 50. Ra8 Rb4 51. Qc2 Qf7 52. Ra1 Qe6 53. Rf1 Qg4 54. Rf2 Kh6 55. Qd2+ Kg7 56. Qxb4 1-0


[Site "https://www.chess.com"]

[Event "Titled Tuesday Blitz July 25 Late 2023"]
[White "Zhou, Qiyu"]
[Black "Osiecki, Stanislaw"]
[WhiteFideId "505161"]
[BlackFideId "1102990"]
[WhiteElo "2345"]
[BlackElo "2028"]
[Result "0-1"]
[Round "4"]
[TimeControl "180+2"]
[Date "2023.07.25"]
[WhiteClock "0:01:38"]
[BlackClock "0:02:15"]
[Board "192"]

1. e4 e6 2. d4 d5 3. Nc3 Bb4 4. e5 c5 5. a3 Bxc3+ 6. bxc3 Qc7 7. Nf3 Ne7 8. h4 cxd4 9. cxd4 O-O 10. h5 h6 11. Rh4 b6 12. Rg4 Nf5 13. Bd3 Ba6 14. Kf1 Bxd3+ 15. Qxd3 Rc8 16. Ra2 Qc4 17. Be3 Qxa2 18. Kg1 0-1


[Site "https://www.chess.com"]

[Event "Titled Tuesday Blitz July 25 Late 2023"]
[White "Sainz Aguirre, Ignacio"]
[Black "Papp, Petra"]
[WhiteFideId "5101727"]
[BlackFideId "739049"]
[WhiteElo "1965"]
[BlackElo "2323"]
[Result "0-1"]
[Round "4"]
[TimeControl "180+2"]
[Date "2023.07.25"]
[WhiteClock "0:01:25"]
[BlackClock "0:01:04"]
[Board "194"]

1. e4 e5 2. Nf3 Nf6 3. Nxe5 d6 4. Nc4 Nxe4 5. Qe2 Qe7 6. Ne3 c6 7. d4 d5 8. c4 Be6 9. cxd5 cxd5 10. Nc3 Nxc3 11. bxc3 Nc6 12. g3 Qd7 13. Bg2 Be7 14. O-O O-O 15. Re1 Rac8 16. Rb1 Na5 17. Nxd5 Bxd5 18. Qxe7 Qf5 19. Ba3 Bxg2 20. Kxg2 Nc4 21. Qxf8+ Rxf8 22. Bxf8 Kxf8 23. Rxb7 Qd5+ 0-1


[Site "https://www.chess.com"]

[Event "Titled Tuesday Blitz July 25 Late 2023"]
[White "Navyblue1"]
[Black "Awoki, Daniel Teidi"]
[BlackFideId "2100827"]
[WhiteElo "1946"]
[BlackElo "2322"]
[Result "0-1"]
[Round "4"]
[TimeControl "180+2"]
[Date "2023.07.25"]
[WhiteClock "0:00:00"]
[BlackClock "0:00:59"]
[Board "195"]

1. d4 Nf6 2. c4 g6 3. Nc3 d5 4. Nf3 Bg7 5. Qb3 dxc4 6. Qxc4 O-O 7. e4 c6 8. Be2 Nbd7 9. O-O Nb6 10. Qb3 Re8 11. Bg5 Be6 12. Qc2 Bc4 13. Rfd1 Bxe2 14. Qxe2 h6 15. Be3 e6 16. h3 Qe7 17. Ne5 Rad8 18. a3 Nfd7 19. Nxd7 Rxd7 20. e5 Nd5 21. Ne4 Red8 22. Rac1 Kh7 23. Qf3 f5 24. exf6 Nxf6 25. Nxf6+ Bxf6 26. Qe4 e5 27. Re1 exd4 0-1


[Site "https://www.chess.com"]

[Event "Titled Tuesday Blitz July 25 Late 2023"]
[White "Vifleemskaia, Svetlana"]
[Black "Lutz, Igor Oscar"]
[WhiteFideId "4129490"]
[BlackFideId "2110806"]
[WhiteElo "2309"]
[BlackElo "1937"]
[Result "1-0"]
[Round "4"]
[TimeControl "180+2"]
[Date "2023.07.25"]
[WhiteClock "0:00:04"]
[BlackClock "0:00:08"]
[Board "196"]

1. d4 d5 2. c4 c6 3. cxd5 cxd5 4. Bf4 Bf5 5. Nc3 a6 6. Qb3 Nc6 7. e3 Nf6 8. Qxb7 Rc8 9. Bxa6 e6 10. Nf3 Nb4 11. Bb5+ Nd7 12. Ne5 Nc2+ 13. Kd2 Rc7 14. Bxd7+ Qxd7 15. Nxd7 Rxb7 16. Nxf8 Rxf8 17. b3 Ke7 18. Rac1 Nb4 19. h3 Ra8 20. a4 Nd3 21. Ra1 Rxb3 22. Rhc1 Nxc1 23. Rxc1 Rb2+ 24. Ke1 Rc8 25. g4 Be4 26. Bg3 Rc2 27. Rxc2 Bxc2 28. Kd2 Bxa4 29. Nxa4 Ra8 30. Nc5 Ra2+ 31. Ke1 Ra1+ 32. Ke2 Rh1 33. Kf3 Rxh3 34. Kg2 Rh6 35. Bf4 Rg6 36. Kf3 f6 37. Nd3 f5 38. g5 h6 39. Ne5 Rxg5 40. Bxg5+ hxg5 41. Kg3 Kf6 42. f4 g6 43. Nd7+ Kf7 44. Ne5+ Kf6 45. Nf3 gxf4+ 46. exf4 g5 47. Nxg5 Ke7 48. Kh4 Kd6 49. Kh5 Kc6 50. Nxe6 Kb5 51. Kg6 Kc4 52. Kxf5 1-0


[Site "https://www.chess.com"]

[Event "Titled Tuesday Blitz July 25 Late 2023"]
[White "Kollars, Dmitrij"]
[Black "Nakamura, Hikaru"]
[WhiteFideId "12909572"]
[BlackFideId "2016192"]
[WhiteElo "2985"]
[BlackElo "3274"]
[Result "1-0"]
[Round "5"]
[TimeControl "180+2"]
[Date "2023.07.25"]
[WhiteClock "0:00:08"]
[BlackClock "0:00:01"]
[Board "1"]

1. e4 a6 2. d4 c6 3. Bd3 d5 4. exd5 cxd5 5. c3 Nc6 6. Bf4 g6 7. Nf3 Bf5 8. O-O e6 9. Re1 Bxd3 10. Qxd3 Bg7 11. Nbd2 Nge7 12. h4 h6 13. Re2 O-O 14. Rae1 Rc8 15. Nf1 Nf5 16. g3 Nd6 17. h5 g5 18. Bxd6 Qxd6 19. N1h2 b5 20. a3 Rb8 21. Ng4 a5 22. b4 axb4 23. axb4 Ne7 24. Ra1 Qc7 25. Rea2 Nc8 26. Ra5 Nd6 27. Kg2 Rfc8 28. R5a3 Ne4 29. Nfe5 f5 30. Ne3 Bxe5 31. dxe5 Qxe5 32. Nd1 f4 33. f3 Nxg3 34. Qg6+ Qg7 35. Qxe6+ Qf7 36. Qxh6 Qxh5 37. Qe6+ Qf7 38. Qh6 Qg7 39. Qe6+ Qf7 40. Qh6 Nf5 41. Qxg5+ Qg7 42. Qxg7+ Kxg7 43. Ra6 Rh8 44. Rc6 Rb7 45. Raa6 Re7 46. Re6 Rxe6 47. Rxe6 Ra8 48. Re5 Ra2+ 49. Kh3 Kf6 50. Rxd5 Ne3 51. Nxe3 fxe3 52. Kg3 e2 53. Kf2 Rc2 54. Rc5 Ke6 55. Ke1 Kd6 56. Rxb5 Ke6 57. Rc5 1-0


[Site "https://www.chess.com"]

[Event "Titled Tuesday Blitz July 25 Late 2023"]
[White "Vachier-Lagrave, Maxime"]
[Black "Kamsky, Gata"]
[WhiteFideId "623539"]
[BlackFideId "2000024"]
[WhiteElo "3156"]
[BlackElo "2944"]
[Result "1-0"]
[Round "5"]
[TimeControl "180+2"]
[Date "2023.07.25"]
[WhiteClock "0:00:10"]
[BlackClock "0:00:05"]
[Board "2"]

1. e4 c5 2. Nf3 e6 3. d4 cxd4 4. Nxd4 a6 5. Bd3 Bc5 6. Nb3 Ba7 7. Qe2 Ne7 8. Be3 O-O 9. N1d2 Nbc6 10. O-O-O d5 11. Bxa7 Rxa7 12. h4 Nb4 13. Kb1 Nxd3 14. Qxd3 a5 15. exd5 Qxd5 16. Qe3 Ra6 17. Nf3 Qc4 18. Ne5 Qc7 19. Nc5 Rb6 20. Ncd7 Rb5 21. Nxf8 Rxe5 22. Qxe5 Qxe5 23. Rd8 Qc7 24. Nxe6+ Qxd8 25. Nxd8 Kf8 26. Rd1 Ke8 27. g3 Ng8 28. Nxf7 Kxf7 29. Rd5 Ke6 30. Rxa5 Bd7 31. b3 Nf6 32. Rc5 Bc6 33. Rc3 Ne4 34. Re3 Kf5 35. Rf3+ Kg4 36. Rf7 Kh3 37. h5 h6 38. Rxg7 Nxf2 39. Rg6 Ng4 40. a4 Bf3 41. a5 Kxg3 42. b4 Kh4 43. b5 Kxh5 44. Rg7 Ne3 45. Rg3 1-0


[Site "https://www.chess.com"]

[Event "Titled Tuesday Blitz July 25 Late 2023"]
[White "Sjugirov, Sanan"]
[Black "Erigaisi Arjun"]
[WhiteFideId "4189302"]
[BlackFideId "35009192"]
[WhiteElo "2935"]
[BlackElo "3094"]
[Result "1-0"]
[Round "5"]
[TimeControl "180+2"]
[Date "2023.07.25"]
[WhiteClock "0:00:04"]
[BlackClock "0:00:12"]
[Board "3"]

1. e4 c6 2. d4 d5 3. Nc3 dxe4 4. Nxe4 Bf5 5. Ng3 Bg6 6. Nf3 Nd7 7. Bd3 e6 8. O-O Ngf6 9. Re1 Bd6 10. c4 Qc7 11. Bg5 O-O-O 12. a3 Kb8 13. b4 Bf4 14. Bf1 h5 15. Bh4 e5 16. Ne2 Bh6 17. Qb3 Rde8 18. Nxe5 Nxe5 19. dxe5 Ne4 20. Nc3 Nd2 21. Qb2 Nxf1 22. Rxf1 Qxe5 23. Bg3 Bf4 24. Bxf4 Qxf4 25. b5 Ka8 26. bxc6 bxc6 27. Rac1 h4 28. h3 Bd3 29. Rfe1 Bxc4 30. Rxe8+ Rxe8 31. Rd1 Rb8 32. Qa1 Qe5 33. Re1 Qf6 34. Qc1 Bd3 35. Ne4 Bxe4 36. Rxe4 g5 37. Rc4 Rb6 38. a4 Kb7 39. a5 Rb5 40. a6+ Kc7 41. Re4 Qd6 42. Re1 Qc5 43. Qd2 Kb6 44. Qd8+ Kxa6 45. Qc8+ Ka5 46. Ra1+ Kb4 47. Qg4+ Kb3 48. Qf3+ Kb2 49. Qd1 Ra5 50. Rb1+ Kc3 51. Rb3+ Kc4 52. Qd3# 1-0


[Site "https://www.chess.com"]

[Event "Titled Tuesday Blitz July 25 Late 2023"]
[White "Fedoseev, Vladimir"]
[Black "Maksimovic, Bojan"]
[WhiteFideId "24130737"]
[BlackFideId "14408120"]
[WhiteElo "3073"]
[BlackElo "2899"]
[Result "0-1"]
[Round "5"]
[TimeControl "180+2"]
[Date "2023.07.25"]
[WhiteClock "0:00:00"]
[BlackClock "0:00:02"]
[Board "4"]

1. g3 g6 2. Bg2 Bg7 3. Nf3 Nf6 4. O-O O-O 5. d3 d6 6. Nbd2 Nbd7 7. a3 a5 8. c4 e5 9. Qc2 a4 10. d4 Re8 11. dxe5 dxe5 12. c5 e4 13. Nd4 e3 14. fxe3 c6 15. h3 Qe7 16. Nc4 Qxc5 17. Bd2 Ne5 18. Rac1 Nxc4 19. Qxc4 Qxc4 20. Rxc4 Nd5 21. Kf2 Nf6 22. Rfc1 Ne4+ 23. Bxe4 Rxe4 24. h4 Re8 25. Rb4 h5 26. Nf3 Bf8 27. Rf4 Bh6 28. Rd4 Bg4 29. e4 Bg7 30. Rb4 Re7 31. Bg5 f6 32. Bf4 Bf8 33. Rd4 Rae8 34. Nd2 f5 35. Bd6 Rd7 36. e5 Bg7 37. Nc4 Kh7 38. e3 b5 39. Nb6 Rb7 40. Rxc6 Rd8 41. Nd5 Rbd7 0-1


[Site "https://www.chess.com"]

[Event "Titled Tuesday Blitz July 25 Late 2023"]
[White "Andreikin, Dmitry"]
[Black "Ashraf, Artin"]
[WhiteFideId "4158814"]
[BlackFideId "22514805"]
[WhiteElo "3033"]
[BlackElo "2844"]
[Result "1/2-1/2"]
[Round "5"]
[TimeControl "180+2"]
[Date "2023.07.25"]
[WhiteClock "0:00:05"]
[BlackClock "0:00:05"]
[Board "5"]

1. d4 a6 2. e4 c6 3. Bd3 d5 4. e5 c5 5. dxc5 Qa5+ 6. Nd2 Qxc5 7. Nb3 Qc7 8. f4 Nc6 9. Be3 Nh6 10. Nf3 Bf5 11. Nfd4 Bxd3 12. cxd3 e6 13. O-O Rc8 14. Rc1 Qd7 15. Nxc6 Rxc6 16. Rxc6 Qxc6 17. Nd4 Qd7 18. Qc2 Bb4 19. Rc1 O-O 20. h3 Nf5 21. Nxf5 exf5 22. Bd4 Qb5 23. Qb3 Qa5 24. a3 Bd2 25. Rc5 b5 26. g3 Be3+ 27. Bxe3 Qe1+ 28. Kg2 Qxe3 29. Rc2 d4 30. h4 h5 31. Rf2 Rc8 32. Qd1 g6 33. Rd2 Rc6 34. Rc2 Rxc2+ 35. Qxc2 Kg7 36. b4 Kh7 37. Qd1 Kg7 38. Qc2 Kh7 39. Qd1 Kg7 40. Qc2 1/2-1/2


[Site "https://www.chess.com"]

[Event "Titled Tuesday Blitz July 25 Late 2023"]
[White "Talibov, Shiroghlan"]
[Black "Duda, Jan-Krzysztof"]
[WhiteFideId "13429078"]
[BlackFideId "1170546"]
[WhiteElo "2824"]
[BlackElo "3032"]
[Result "0-1"]
[Round "5"]
[TimeControl "180+2"]
[Date "2023.07.25"]
[WhiteClock "0:00:00"]
[BlackClock "0:00:43"]
[Board "6"]

1. d4 e6 2. e4 c5 3. c3 d5 4. e5 Nc6 5. Nf3 Bd7 6. Bd3 Nge7 7. dxc5 Ng6 8. Qe2 Bxc5 9. h4 Qc7 10. b4 Bb6 11. Bxg6 hxg6 12. Na3 Nxb4 13. O-O Qxc3 14. Nb5 Bxb5 15. Qxb5+ Nc6 16. Bg5 Qc4 17. Qb2 O-O 18. Rac1 Qg4 19. Nh2 Qd4 20. Qc2 Qxe5 21. Rce1 Qf5 22. Qd1 d4 23. Kh1 d3 24. Bd2 Rac8 25. f4 Nd4 26. Re5 Qf6 27. h5 Ne2 28. Rf3 Rfd8 29. hxg6 Qxg6 30. Rg5 Qe4 31. Ng4 Bd4 32. Qe1 f6 33. Rh5 Kf7 34. Qh4 Rc2 35. Nh6+ gxh6 36. Rxh6 Ke7 37. Bb4+ Kd7 38. Qh5 Kc8 39. Rh7 Rc1+ 40. Kh2 Bg1+ 41. Kh3 Bc5 0-1


[Site "https://www.chess.com"]

[Event "Titled Tuesday Blitz July 25 Late 2023"]
[White "Mahdavi, Reza"]
[Black "Pranav, V"]
[WhiteFideId "12595926"]
[BlackFideId "25060783"]
[WhiteElo "2789"]
[BlackElo "3017"]
[Result "0-1"]
[Round "5"]
[TimeControl "180+2"]
[Date "2023.07.25"]
[WhiteClock "0:00:00"]
[BlackClock "0:00:16"]
[Board "7"]

1. e4 e5 2. Nf3 Nc6 3. Nc3 Nf6 4. d4 exd4 5. Nxd4 Nxe4 6. Nxe4 Qe7 7. Bd3 Nxd4 8. O-O Ne6 9. Re1 d5 10. Bg5 Qd7 11. Ng3 Be7 12. Bxe7 Qxe7 13. Qh5 Bd7 14. Qxd5 O-O-O 15. Nf5 Qf6 16. Qe5 Qxe5 17. Rxe5 Nf4 18. Bf1 f6 19. Re4 Bxf5 20. Rxf4 Bxc2 21. Rc1 Bg6 22. h4 Rd2 23. b4 Rhd8 24. g3 Rd1 25. Rfc4 c6 26. b5 Rxf1+ 27. Kxf1 Bd3+ 28. Kg2 Bxc4 29. Rxc4 Kc7 30. bxc6 bxc6 31. h5 h6 32. Kf3 Rd5 33. Rg4 Rg5 34. Ra4 a5 35. g4 f5 36. gxf5 Rxf5+ 37. Kg3 Kb6 38. f4 Rxh5 39. Re4 Rf5 40. Kg4 Rf7 41. Re5 c5 0-1


[Site "https://www.chess.com"]